 Dungeon Crawl Stone Soup version 0.23-a0-417-gf02c810438 (webtiles) character file.

131 Nixze the Grave Robber (level 5, -3/36 (38) HPs)
             Began as a Ghoul Necromancer on Nov 10, 2018.
             Slain by an adder (4 damage)
             ... on level 2 of the Dungeon.
             The game lasted 00:05:11 (1577 turns).

Nixze the Grave Robber (Ghoul Necromancer)          Turns: 1577, Time: 00:05:11

HP:   -3/36 (38)    AC:  5    Str: 12    XL:     5   Next: 14%
MP:   8/8           EV: 11    Int: 11    God:
Gold: 104           SH:  0    Dex:  9    Spells: 8/10 levels left

rFire    . . .     SeeInvis .     - Unarmed
rCold    + . .     Gourm    .   (no shield)
rNeg     + + +     Faith    .   d - +2 leather armour {rPois}
rPois    ∞         Spirit   .   (no helmet)
rElec    .         Reflect  .   (no cloak)
rCorr    .         Harm     .   (no gloves)
MR       .....                  (no boots)
Stlth    +.........             (no amulet)
HPRegen  0.00/turn              (no ring)
MPRegen  0.11/turn              (no ring)

@: rotting
A: rotting body, claws 1, carnivore, cold resistance 1, negative energy
resistance 3, inhibited regeneration, torment resistance, unbreathing
a: no special abilities


You were on level 2 of the Dungeon.
You were very hungry.

You visited 1 branch of the dungeon, and saw 2 of its levels.

You collected 104 gold pieces.

Inventory:

Armour
 d - a +2 leather armour of poison resistance (worn)
Magical Staves
 a - an uncursed staff of power
Jewellery
 h - an uncursed ring of wizardry {unknown}
 n - an uncursed amulet of rage {unknown}
Wands
 r - a wand of acid (9)
Scrolls
 b - a scroll of remove curse {unknown}
 e - 3 scrolls of fog {unknown}
 g - a scroll of amnesia {unknown}
 l - 2 scrolls of enchant weapon {unknown}
 o - a scroll of immolation {unknown}
 p - 2 scrolls of fear {unknown}
 q - 3 scrolls of identify {unknown}
Potions
 f - a potion of resistance {unknown}
 i - 2 potions of lignification {unknown}
 j - a potion of mutation {unknown}
 k - a potion of curing {unknown}
 m - a potion of flight {unknown}
Comestibles
 c - 5 rations


   Skills:
 - Level 1.7 Dodging
 - Level 2.1 Stealth
 - Level 1.4 Unarmed Combat
 * Level 3.1 Spellcasting
 * Level 5.1 Necromancy


You had 8 spell levels left.
You knew the following spells:

 Your Spells              Type           Power        Failure   Level  Hunger
a - Pain                  Necr           ##..         4%          1    #......
b - Animate Skeleton      Necr           N/A          4%          1    #......

Your spell library contained the following spells:

 Spells                   Type           Power        Failure   Level  Hunger
 Vampiric Draining        Necr           ##........   12%         3    ###....
 Regeneration             Chrm/Necr      #.........   34%         3    ###....
 Animate Dead             Necr           N/A          36%         4    #####..


Dungeon Overview and Level Annotations

Branches:
Dungeon (2/15)

Altars:


Innate Abilities, Weirdness & Mutations

Your body is rotting away.
You thrive on raw meat.
You are immune to poison.
You have sharp fingernails.
You are carnivorous and can eat meat at any time.
Your flesh is cold resistant. (rC+)
You are immune to negative energy. (rN+++)
You do not regenerate when monsters are visible.
You are immune to unholy pain and torment.
You can survive without breathing.


Message History

The bat closely misses you. The bat misses you. The bat barely misses you.
The bat hits you but does no damage.
You feel your magic capacity decrease.
You are now empty-clawed.
You scratch the bat.
You kill the bat!
You closely miss the adder. The adder closely misses you.
You scratch the adder.
The adder is heavily wounded.
The adder bites you.
* * * LOW HITPOINT WARNING * * *
The adder barely misses you.
You miss the adder.
The adder is heavily wounded.
The adder bites you.
* * * LOW HITPOINT WARNING * * *
You barely miss the adder.
The adder is heavily wounded.
The adder bites you.
You die...

##.......##....# ..... #
# #............### .....
#.#. #.........#### ....
... #.(......(# ...# # .
#.........# #.#
#.........#### ###..
##........(..# .......
#.....(...##S###
####.#####.
#.........##.@.#####....#
#.
#.........####.........#
#. #.........#
##........#### ##
#.........#
#...........####
##.......##
#...............
##.....##
#........####### #######
#).......# #....)...#
##########


You could see an adder.

Vanquished Creatures
  A bullfrog (D:2)
  3 adders (D:2)
  A dart slug (D:1)
  3 leopard geckos
  3 orcs (D:2)
  6 goblins
  4 hobgoblins
  A kobold (D:2)
  A quokka (D:2)
  5 bats
  2 frilled lizards
  A rat (D:1)
31 creatures vanquished.

Vanquished Creatures (collateral kills)
  2 dart slugs (D:1)
  A giant cockroach (D:2)
  A hobgoblin (D:2)
4 creatures vanquished.

Grand Total: 35 creatures vanquished

Notes
Turn   | Place    | Note
-------+----------+-------------------------------------------
     0 | D:1      | Nixze the Ghoul Necromancer began the quest for the Orb.
     0 | D:1      | Reached XP level 1. HP: 14/14 MP: 2/2
    27 | D:1      | Learned a level 1 spell: Animate Skeleton
   254 | D:1      | Reached XP level 2. HP: 20/20 MP: 0/4
   682 | D:1      | Reached skill level 1 in Unarmed Combat
   816 | D:1      | Reached XP level 3. HP: 25/26 MP: 0/5
  1303 | D:2      | Reached XP level 4. HP: 33/33 MP: 4/6
  1548 | D:2      | Noticed a bullfrog
  1554 | D:2      | Killed a bullfrog
  1554 | D:2      | Reached skill level 5 in Necromancy
  1554 | D:2      | Reached XP level 5. HP: 8/36 MP: 8/8
  1576 | D:2      | HP: 1/36 [adder (1)]
  1577 | D:2      | Slain by an adder

Vault maps used:
D:1:      minmay_arrival_glassed_features, serial_glass, glass_columns_a,
          glass_columns_a
D:2:      tgw_fedhas, first_ration, guppyfry_early_orc_mine

Skill      XL: |  1  2  3  4 |
---------------+-------------+-----
Spellcasting   | 2 3 |  3.1
Unarmed Combat | 1 |  1.4
Necromancy     | 5 |  5.1
Dodging        | |  1.7
Stealth        | |  2.1

Action                   |  1- 3 |  4- 6 || total
-------------------------+-------+-------++-------
Melee: Unarmed           |    47 |     5 ||    52
       Staff             |     2 |     1 ||     3
 Cast: Pain              |    50 |    21 ||    71
       Animate Skeleton  |    13 |       ||    13
  Eat: Chunk             |     3 |       ||     3
Armor: Leather armour    |    16 |    12 ||    28
Dodge: Dodged            |    45 |    25 ||    70

Table legend:
 A = Non-vault XP
 B = Vault XP
 C = Vault XP percentage of total XP
 D = Non-vault monster count
 E = Vault monster count
 F = Vault count percentage of total count
                 A         B        C        D         E       F
            +---------+---------+-------+---------+---------+-------
      Total |     173 |      15 |   8.0 |      28 |       7 |  20.0
            +---------+---------+-------+---------+---------+-------
        D:1 |      35 |       0 |   0.0 |      16 |       0 |   0.0
        D:2 |     138 |      15 |   9.8 |      12 |       7 |  36.8
            +---------+---------+-------+---------+---------+-------
